 Dungeon Crawl Stone Soup version 0.17-a0-1046-ga09e34d (webtiles) character file.

1589 Fluffy the Cleaver (level 8, 0/74 HPs)
             Began as a Hill Orc Fighter on May 15, 2015.
             Was a Follower of Qazlal.
             Killed by nerve-wracking pain
             ... invoked by Grinder
              (9 damage)
             ... on level 6 of the Dungeon.
             The game lasted 00:11:54 (4805 turns).

Fluffy the Cleaver (Hill Orc Fighter)               Turns: 4805, Time: 00:11:55

Health: 0/74       AC: 12    Str: 24    XL:     8   Next: 92%
Magic:  21/21      EV:  8    Int:  8    God:    Qazlal [*.....]
Gold:   341        SH: 12    Dex: 19    Spells: 0 memorised, 7 levels left

rFire  . . .     SeeInvis .     a - +0 war axe
rCold  x . .     Clarity  .     H - +2 ring mail "Geobb" {rC- Dex+4 Slay+6 Stlth-}
rNeg   . . .     SustAb   .     c - +0 shield
rPois  .         Gourm    .     i - +0 helmet
rElec  .         Spirit   .     g - +1 cloak
rCorr  .         Warding  .     (no gloves)
rMut   .         Stasis   .     (no boots)
MR     .....                    j - amulet of rage
Stlth  ..........               G - +3 ring of dexterity
                                B - ring of magical power

@: mighty, not resistant to hostile enchantments, extremely unstealthy
A: no striking features
a: Renounce Religion, Evoke Berserk Rage


You were on level 6 of the Dungeon.
You worshipped Qazlal.
Qazlal was aware of your devotion.
You were not hungry.

You visited 2 branches of the dungeon, and saw 7 of its levels.

You collected 341 gold pieces.

Inventory:

Hand weapons
 a - a +0 war axe (weapon)
Armour
 c - a +0 shield (worn)
 g - a +1 cloak (worn)
 i - a +0 helmet (worn)
 k - a +0 pearl dragon armour
 H - the +2 ring mail "Geobb" (worn) {rC- Dex+4 Slay+6 Stlth-}
   (You found it on level 5 of the Dungeon)

   It affects your dexterity (+4).
   It affects your accuracy and damage with ranged weapons and melee attacks
   (+6).
   It makes you vulnerable to cold.
   It makes you less stealthy.
Jewellery
 j - an amulet of rage (around neck)
 q - an uncursed amulet of stasis
 B - a ring of magical power (left hand)
 G - a +3 ring of dexterity (right hand)
Scrolls
 h - a scroll of fog {unknown}
 l - 2 scrolls of magic mapping {unknown}
 m - 2 scrolls of immolation {unknown}
 n - 4 scrolls of remove curse {unknown}
 o - 4 scrolls of noise {unknown}
 t - 11 scrolls of identify {unknown}
 u - 3 scrolls of enchant armour {unknown}
 w - 3 scrolls of teleportation {unknown}
 x - a scroll of enchant weapon {unknown}
 y - a scroll of blinking {unknown}
Potions
 b - 7 potions of curing
 d - 2 potions of might
 f - 3 potions of ambrosia {unknown}
 p - 2 potions of haste {unknown}
 v - 2 potions of poison {unknown}
 z - a potion of flight {unknown}
 C - a potion of agility {unknown}
 D - a potion of resistance {unknown}
 E - a potion of cancellation {unknown}
 I - 2 potions of mutation {unknown}
Comestibles
 e - 4 bread rations
 r - 2 slices of pizza
 s - 3 meat rations
 A - 3 fruits


   Skills:
 + Level 7.7 Fighting
 + Level 8.0 Axes
 + Level 7.1 Armour
 - Level 3.2 Shields
 + Level 5.6 Invocations


You had 7 spell levels left.
You didn't know any spells.

Dungeon Overview and Level Annotations

Branches:
Dungeon (6/15)             Temple (1/1) D:4

Altars:
Ashenzari
Cheibriados
Dithmenos
Elyvilon
Fedhas
Gozag
Kikubaaqudgha
Makhleb
Nemelex Xobeh
Okawaru
Qazlal
Ru
Sif Muna
Vehumet
Yredelemnul
Zin
The Shining One

Annotations:
D:6 Grinder, Sigmund


Message History

Grinder is lightly wounded.
You slash something! You block the gnoll's attack. You block Grinder's attack.
Something hits you but does no damage.
You slash Grinder!
Grinder is heavily wounded.
You hit something but do no damage. You block the gnoll's attack.
Grinder hits you but does no damage.
You closely miss Grinder.
Grinder is moderately wounded.
You barely miss something. You block Grinder's attack.
You block the gnoll's attack. Something hits you!
* * * LOW HITPOINT WARNING * * *
The gnoll hits you but does no damage.
Grinder says, "Wait up."
Grinder hits you but does no damage.
Drink which item? (? for menu, Esc to quit)
You feel better. Something hits you but does no damage.
Grinder gestures at you. Pain shoots through your body!
You die...

.....# #.p# # .. ..#
.#.)# #. #' #.#
.##g.# .
#.##.##.###'##..#
..#...........#...#
..'...........#...+
#.......g...'...#
#....ยง)5....#...# +
#)##..@.....#...#
..##.##.{......#...#
...............#...#
...............#...#
...............#...#
.......).......#...#
.......<.......##..#
...............# ..#
................+


You could see Grinder and a gnoll.

Vanquished Creatures
  Pikel (D:6)
  A centaur (D:6)
  2 ogres
  A sky beast (D:5)
  A gnoll sergeant (D:6)
  2 scorpions
  2 jellies (D:5)
  A crimson imp (D:5)
  A giant frog zombie (D:6)
  A hound (D:4)
  A centaur skeleton (D:5)
  An orc priest (D:5)
  A wasp zombie (D:5)
  2 orc wizards (D:5)
  2 worker ants
  Robin (D:3)
  11 adders
  4 gnolls
  3 shadow imps
  2 oozes
  2 adder skeletons
  3 worms
  3 giant geckos
  3 orcs
  2 ball pythons
  2 bat skeletons
  A bat zombie (D:5)
  8 giant cockroaches
  14 hobgoblins
  12 jackals
  4 quokkas
  9 bats
  4 giant newts
  21 goblins
  6 kobolds
  6 rats
141 creatures vanquished.

Vanquished Creatures (others)
  A slave (D:6)
  A jackal (D:6)
2 creatures vanquished.

Grand Total: 143 creatures vanquished

Notes
Turn   | Place    | Note
--------------------------------------------------------------
     0 | D:1      | Fluffy the Hill Orc Fighter began the quest for the Orb.
     0 | D:1      | Reached XP level 1. HP: 19/19 MP: 1/1
     6 | D:1      | Noticed a basilisk
     6 | D:1      | Noticed a brain worm
     6 | D:1      | Noticed a queen ant
     7 | D:1      | Noticed a yaktaur
   861 | D:2      | Reached XP level 2. HP: 27/27 MP: 2/2
   898 | D:2      | Reached skill level 4 in Fighting
   943 | D:2      | Reached XP level 3. HP: 33/33 MP: 3/3
  1195 | D:2      | Reached XP level 4. HP: 41/41 MP: 4/4
  1631 | D:3      | Reached XP level 5. HP: 47/47 MP: 5/5
  2011 | D:3      | Reached skill level 5 in Fighting
  2154 | D:3      | Noticed Robin
  2162 | D:3      | Killed Robin
  2296 | D:3      | Found an opulent altar of Gozag.
  2296 | D:3      | Found a blossoming altar of Fedhas.
  2938 | D:4      | Reached skill level 5 in Armour
  3026 | D:4      | Reached XP level 6. HP: 53/56 MP: 6/6
  3123 | D:4      | Found a burning altar of Makhleb.
  3132 | D:4      | Reached skill level 5 in Axes
  3194 | D:4      | Found a staircase to the Ecumenical Temple.
  3211 | Temple   | Entered the Ecumenical Temple
  3301 | Temple   | Became a worshipper of Qazlal Stormbringer
  3949 | D:4      | Reached skill level 1 in Invocations
  4000 | D:5      | Entered Level 5 of the Dungeon
  4134 | D:5      | Found an ancient bone altar of Kikubaaqudgha.
  4154 | D:5      | Reached XP level 7. HP: 52/62 MP: 8/8
  4222 | D:5      | Got a jewelled ring mail
  4233 | D:5      | Identified the +2 ring mail "Geobb" {rC- Dex+4 Slay+6 Stlth-} (You found it on level 5 of the Dungeon)
  4354 | D:5      | Reached skill level 6 in Fighting
  4447 | D:5      | Found a glowing silver altar of Zin.
  4540 | D:5      | Acquired Qazlal's first power
  4577 | D:5      | Reached XP level 8. HP: 67/71 MP: 10/10
  4732 | D:6      | Noticed Pikel
  4742 | D:6      | Killed Pikel
  4742 | D:6      | Reached skill level 7 in Fighting
  4742 | D:6      | Reached skill level 5 in Invocations
  4745 | D:6      | HP: 1/73 [ogre/giant club (16)]
  4751 | D:6      | HP: 2/73 [bat skeleton (1)]
  4787 | D:6      | Noticed Sigmund
  4796 | D:6      | Noticed Grinder
  4797 | D:6      | Paralysed by Grinder for 2 turns
  4798 | D:6      | HP: 1/73 [something (10)]
  4802 | D:6      | Reached skill level 8 in Axes
  4804 | D:6      | HP: 1/74 [something (7)]
  4805 | D:6      | Killed from afar by Grinder

Vault maps used:
D:1:      onia_arrival_zoo_common, serial_forest, infiniplex_forest_end_double,
          infiniplex_forest_zigzag_1, infiniplex_forest_clump_tiny,
          infiniplex_forest_clump_small, infiniplex_forest_diagonal,
          infiniplex_forest_lined_4_way, infiniplex_forest_straight_3,
          infiniplex_forest_straight_2, infiniplex_forest_clump_tiny,
          infiniplex_forest_clump_curved, grunt_decor_fettered
D:2:      forest_paths, first_bread
D:3:      kennysheep_goblin_castle, gammafunk_temple_overflow_elements
D:4:      makhleb_heckhound_becter, minmay_temple_entry_purple_smoke
D:5:      kennysheep_mini_moat, lemuel_doored_altar
D:6:      st_stairs_5, uniq_pikel, uniq_grinder, uniq_sigmund
Temple:   circular_temple_12

Action                   |  1- 3 |  4- 6 |  7- 9 || total
-------------------------+-------+-------+-------++-------
Melee: War axe           |    70 |   308 |    88 ||   466
  Use: Potion            |       |       |     3 ||     3
  Eat: Chunk             |     1 |     9 |     3 ||    13
